AoeStats
← flo25

Enclosed

505507404Analyzed
1v1 RM · 22d ago on Sep 9, 2026· 65m 3s· 2 players
Game mode
Random Map
Map size
Tiny (2 player)
Population
200
Speed
Normal
Resources
Standard
Victory
Conquest
Starting age
Dark Age
Ending age
Imperial Age
RankedLock teamsTeams togetherTeam positionsShared explorationLock speedFull tech treeHidden civsTurbo modeCheats
Victory
Defeat
🇫🇷 Ethiopians · France
1132
+17
🇳🇱 Turks · Netherlands
1145
-17
flo25
11:18 Feudal Age
11:07 Loom
13:31 Double-Bit Axe
16:15 Castle Age
14:31 Padded Archer Armor
24:08 Crossbowman
25:48 Leather Archer Armor
25:53 Arson
26:11 Squires
28:03 Scale Mail Armor
29:30 Forging
30:43 Gold Mining
31:19 Fletching
33:01 Bow Saw
35:49 Horse Collar
36:46 Thumb Ring
38:25 Ballistics
38:25 Bodkin Arrow
39:10 Chain Mail Armor
41:37 Gold Shaft Mining
41:17 Heavy Plow
46:19 Imperial Age
45:00 Iron Casting
46:06 Wheelbarrow
45:26 Stone Mining
47:03 Hand Cart
46:22 Halberdier
47:30 Arbalester
49:02 Stone Shaft Mining
52:17 Ring Archer Armor
51:48 Bracer
52:19 Plate Mail Armor
56:01 Town Watch
57:30 Two-Man Saw
56:17 Elite Skirmisher
62:32 Royal Heirs
63:28 Elite Shotel Warrior
Streindert
10:08 Feudal Age
11:42 Loom
12:10 Double-Bit Axe
16:01 Bloodlines
19:42 Castle Age
18:59 Scale Barding Armor
20:15 Horse Collar
21:08 Husbandry
24:33 Forging
28:02 Heavy Plow
31:58 Iron Casting
32:34 Chain Barding Armor
35:25 Wheelbarrow
35:20 Town Watch
38:52 Thumb Ring
41:15 Fletching
42:25 Gold Mining
42:25 Stone Mining
43:43 Chain Barding Armor
46:33 Bodkin Arrow
46:34 Guard Tower
48:13 Hand Cart
48:28 Town Patrol
51:11 Imperial Age
48:50 Town Patrol
55:27 Bracer
56:06 Plate Barding Armor
56:32 Blast Furnace
Connection lost

Rejoining the realm…

Still unreachable

The connection could not be restored.

Session expired

The server has moved on; the page needs a fresh start.